Map: 2000 Atmospheres LE

Players

HappyFeet - Winner!

  • Race: Zerg Zerg
  • League: Platinum

effghmgcykcj

  • Race: Zerg Zerg
  • League: Platinum

VOD

Have the link to the VOD?

Description

Time

  • Played on: Aug. 12, 2021, noon
  • Length: 8:09
Show
View Real Time Build Order
Export as new Build Order

HappyFeet Zerg - Winner!

Build Orders: Hatch First 

Get SALT Encoding   

  12  0:00  Drone  
  13  0:12  Overlord  
  13  0:20  Drone  
  14  0:33  Drone x2  
  16  0:53  Drone  
  16  0:54  Hatchery  
  16  1:02  Drone  
  17  1:04  Drone  
  18  1:17  Extractor  
  17  1:19  Spawning Pool  
  17  1:21  Drone  
  17  1:24  Drone  
  18  1:29  Drone  
  19  1:47  Overlord  
  19  1:52  Drone  
  20  2:07  Zergling x4  
  20  2:08  Queen  
  24  2:10  Queen  
  22  2:41  Drone x2  
  24  2:55  Drone x3  
  27  3:03  Drone x2  
  29  3:06  Drone  
  30  3:14  Drone  
  30  3:15  Metabolic Boost  
  31  3:26  Baneling Nest  
  30  3:29  Drone x2  
  32  3:43  Hatchery  
  32  3:48  Hatchery  
  31  3:54  Overlord  
  31  3:59  Zergling x2  
  31  4:00  Zergling x6  
  35  4:27  Zergling x8  
  39  4:32  Hatchery  
  37  4:47  Zergling x2  
  37  4:48  Zergling x10  
  43  4:57  Overlord  
  43  4:58  Overlord x2  
  43  5:00  Lair  
  42  5:29  Zergling x16  
  42  5:34  Spine Crawler  
  48  5:45  Zergling x14  
  48  5:48  Baneling x6  
  48  5:49  Baneling x3  
  47  6:39  Hatchery  
  41  6:40  Zergling x2  
  41  6:41  Hatchery, Zergling x10  
  46  6:48  Queen  
Show
View Real Time Build Order
Export as new Build Order

effghmgcykcj Zerg 

Build Orders: Pool First 

Get SALT Encoding   

  12  0:27  Drone x2, Spawning Pool  
  13  0:29  Drone  
  14  0:42  Overlord  
  14  1:15  Zergling x6  
  17  1:25  Hatchery, Queen  
  16  1:31  Zergling x2  
  19  1:37  Extractor, Drone  
  19  1:55  Overlord  
  19  2:01  Queen  
  19  2:06  Drone  
  22  2:15  Drone  
  21  2:32  Zergling x4  
  21  2:40  Zergling x2  
  21  2:44  Baneling Nest  
  21  2:45  Zergling x4  
  21  2:50  Drone x2  
  25  2:55  Drone  
  26  2:58  Drone  
  27  3:06  Metabolic Boost  
  27  3:12  Drone  
  28  3:15  Drone  
  29  3:28  Evolution Chamber  
  28  3:35  Evolution Chamber  
  28  3:39  Baneling x2  
  27  3:43  Drone x4  
  31  3:51  Drone x2  
  33  4:22  Baneling  
  34  4:24  Drone x3  
  34  4:25  Overlord x2  
  35  4:43  Zergling x2  
  35  4:44  Zergling x10  
  38  4:54  Drone  
  38  4:56  Hatchery  
  38  4:57  Roach Warren  
  38  4:59  Zerg Melee Weapons Level 1  
  37  5:07  Drone x3  
  40  5:20  Spine Crawler  
  39  5:25  Queen x2  
  43  5:30  Zergling x12  
  46  5:35  Zergling x2  
  21  6:00  Drone x5  
  25  6:20  Drone  
  26  6:30  Drone x2  
  20  6:42  Drone  
  20  6:43  Drone  
  20  6:45  Drone  
  23  6:50  Drone  
  24  7:00  Evolution Chamber  
  21  7:07  Zergling x2  
Tags
 
Add a new tag
Caveats
  • Supply blocks, unpowered buildings, or Contaminate may cause inaccurate times.
  • Supply counts are checked every 10 seconds.